cohdb
Replays
Latest Replays
All Replays
Popular Replays
Top Player Replays
Match Explorer
How It Works
Community
CoH3 Stats
Reddit
Sign in to upload your games and track your stats! →
Sign in with Steam
Match 37343689
Unlisted
Match 37343689
Overview
Messages
Build Orders
End
Construct Barracks
Selects Advanced Infantry Battlegroup
Riflemen Squad
Riflemen Squad
Grenade Package
M1 Mortar Team
Riflemen Squad
Selects Convert to Ranger Squad
Convert to Ranger Squad
Air Support Center
Construct Weapon Support Center
Selects Frontline Medical Station
Frontline Medical Station
Improved M9 Bazooka Rockets
Convert to Ranger Squad
M1918 Browning Automatic Rifles
Selects Artillery Observers
Convert to Ranger Squad
Construct Tank Depot
Selects Infantry Assault
AI Takeover
nado
CPU - VERY EASY
星沉归墟
wut0405
Brain
Redundant.S
Futurn
[KR]SANMARZANO
0
0
Comments
sign in to comment!
No comments posted yet!